 Dungeon Crawl Stone Soup version 0.29.1-4-g47bece8355 (webtiles) character file.

Game seed: 10295331508373256566

11 ChrisAssaf the Stinger (level 2, 2/19 HPs)
             Began as a Human Venom Mage on Dec 9, 2022.
             Quit the game on level 2 of the Dungeon.
             The game lasted 00:04:08 (533 turns).

ChrisAssaf the Stinger (Human Venom Mage)            Turns: 533, Time: 00:04:08

Health: 2/19       AC:  4    Str:  8    XL:     2   Next: 40%
Magic:  1/5        EV: 12    Int: 15    God:
Gold:   14         SH:  0    Dex: 13    Spells: 0/5 levels left

rFire   . . .      SeeInvis .   (no weapon)
rCold   . . .      Faith    .   (no shield)
rNeg    . . .      Spirit   .   a - +1 robe
rPois   .          Reflect  .   (no helmet)
rElec   .          Harm     .   (no cloak)
rCorr   .          Rampage  .   (no gloves)
Will    .....                   (no boots)
Stlth   ++........              (no amulet)
HPRegen 0.06/turn               (no ring)
MPRegen 0.09/turn               (no ring)

@: mighty
A: mutation resistance 1, shaggy fur 1, inability to read after injury 1
a: no special abilities


You were on level 2 of the Dungeon.
You visited 1 branch of the dungeon, and saw 3 of its levels.

You collected 14 gold pieces.

Inventory:

Armour
 a - a +1 robe (worn)
Scrolls
 d - a scroll of noise {unknown}
Potions
 c - a potion of mutation


   Skills:
 * Level 0.2 Armour
 * Level 2.1 Dodging
 * Level 2.0 Stealth
 * Level 2.0 Spellcasting
 * Level 1.0 Transmutations
 * Level 0.4 Air Magic
 * Level 3.3 Poison Magic


You couldn't memorise any spells.
You knew the following spells:

 Your Spells              Type           Power      Damage    Failure   Level
a - Sting                 Tmut/Pois      32%        1d4       9%          1
b - Poisonous Vapours     Pois/Air       14%        N/A       16%         2
c - Searing Ray           Conj           2%         2d4       32%         2

Your spell library contained the following spells:

 Spells                   Type           Power      Damage    Failure   Level
 Magic Dart               Conj           4%         1d3       22%         1
 Mephitic Cloud           Conj/Pois/Air  5%         N/A       36%         3
 Olgreb's Toxic Radiance  Pois           11%        N/A       50%         4
 Fulminant Prism          Conj/Hex       0%         3d6       91%         4


Dungeon Overview and Level Annotations

Branches:
Dungeon (3/15)

Altars:


Innate Abilities, Weirdness & Mutations

You are somewhat resistant to further mutation.
You are covered in fur. (AC +1)
You occasionally lose the ability to read scrolls when taking damage.


Message History

The worm is lightly wounded.
The worm bites you but does no damage.
Throw: 3 javelins
Press: ? - help, Q - select action, (/) - cycle Shift-Dir - straight line, f/p - worm
Aim: a worm (lightly wounded, poisoned, 76% to hit)
You throw a javelin. The javelin barely misses the worm.
The worm looks more healthy.
Throw: 2 javelins
Press: ? - help, Q - select action, (/) - cycle Shift-Dir - straight line, f/p - worm
Aim: a worm (lightly wounded, 76% to hit)
You throw a javelin.
The javelin pierces through the worm but does no damage.
The worm is lightly wounded.
The worm bites you!
Ouch! That really hurt!
Unknown command.
The worm bites you!
* * * LOW HITPOINT WARNING * * *
Throw: javelin
Press: ? - help, Q - select action, (/) - cycle Shift-Dir - straight line, f/p - worm
Aim: a worm (76% to hit)
You throw a javelin. The javelin pierces through the worm.
The worm is moderately wounded.
Casting: Sting (safe; 9% risk of failure)
Confirm with . or Enter, or press ? or * to list all spells.
Aiming: Poisonous Vapours (safe; 16% risk of failure)
Press: ? - help, Dir - move target, f/p - worm
Aim: a worm (lightly wounded)
You miscast Poisonous Vapours.
You are very lightly contaminated with residual magic.
Nothing appears to happen.
Unknown command.
It was a potion of mutation.
You feel extremely strange. Fur sprouts all over your body.
You occasionally lose the ability to read scrolls when taking damage.
You feel genetically stable.
It was a potion of might.
You feel very mighty all of a sudden.
Your magical contamination has completely faded away.
Are you sure you want to abandon this character and quit the game? (Confirm with "yes".)

# #.........# #..# # #.........#
#..# # #.........# #..#
#)........# #..# ######.........#
#..# #..............# #..#
#..............# #..#
#........###...###########..#
#.........#...@.............#
#..................########.#
#...#..........#...# #.#
##..##..........##..##### #.#
#.....(..............>..####.#
##..............w.....#.......###
.......(..####..w.....#........<#
..#......## ##.......#.#########
..##....(# #......#..#


You could see 2 worms.

Vanquished Creatures
  A worm (D:2)
  An endoplasm (D:2)
  A quokka (D:2)
  2 ball pythons (D:2)
  2 bats (D:2)
  A frilled lizard (D:1)
  A goblin (D:2)
  A rat (D:2)
10 creatures vanquished.

Notes
Turn   | Place    | Note
-------+----------+-------------------------------------------
     0 | D:1      | ChrisAssaf the Human Venom Mage began the quest for the
                  | Orb.
     0 | D:1      | Reached XP level 1. HP: 13/13 MP: 3/3
     3 | D:1      | Noticed an electric eel
    15 | D:1      | Noticed an electric eel
   310 | D:2      | Reached XP level 2. HP: 18/19 MP: 0/5
   360 | D:2      | Learned a level 2 spell: Poisonous Vapours
   363 | D:2      | Learned a level 2 spell: Searing Ray
   515 | D:2      | Gained mutation: You are covered in fur. (AC +1) [potion of
                  | mutation]
   515 | D:2      | Gained mutation: You occasionally lose the ability to read
                  | scrolls when taking damage. [potion of mutation]
   515 | D:2      | Gained mutation: You are somewhat resistant to further
                  | mutation. [potion of mutation]
   533 | D:2      | Quit the game

Illustrated notes

Levels and vault maps discovered:
D:1:      arrival_aquarium_b, layout_rooms, ebering_ecumenical_altar_abandoned
D:2:      layout_basic, basic_altar, corexii_corridor_pit, st_stairs_6,
          kennysheep_decorative_pillar, minmay_split_cup_large, uniq_terence
D:3:      layout_loops_cross, mainiacjoe_overflow_catwalk,
          nemelex_spade_bored_becter, kennysheep_generic_room_14

Action                   || total
-------------------------++-------
Melee: Unarmed           ||     1
Throw: Javelin           ||     6
 Cast: Sting             ||    21
       Searing Ray       ||     2
  Use: Potion            ||     3
       Scroll            ||     2
Armor: Robe              ||    12
Dodge: Dodged            ||    28
